[Event "Titled Tuesday Blitz May 4 2021"]
[White "Aliavdin, Nikolai"]
[Black "Region_07"]
[WhiteFideId "13502883"]
[WhiteElo "2268"]
[BlackElo "2359"]
[Result "1-0"]
[Round "02"]
[TimeControl "180+1"]
[Date "2021.05.04"]
[WhiteClock "0:00:17"]
[BlackClock "0:00:03"]

1. e4 Nc6 2. Nf3 d6 3. d4 g6 4. d5 Nb8 5. Nc3 Bg7 6. h3 Nf6 7. Be2 O-O 8. O-O c6 9. Re1 Nbd7 10. Bf1 Qc7 11. Bg5 a5 12. Qd2 Re8 13. Rad1 Nc5 14. b3 Bd7 15. Nd4 Qb6 16. dxc6 bxc6 17. e5 dxe5 18. Rxe5 Rad8 19. Qe1 Ne6 20. Be3 Qc7 21. Nxe6 Bxe6 22. Rxd8 Rxd8 23. Bf4 Qd7 24. Rxa5 Nh5 25. Be5 Qd2 26. Qxd2 Rxd2 27. Ra8+ Bf8 28. Bd3 f6 29. Bd4 Nf4 30. Be3 Rxd3 31. cxd3 Nh5 32. Bh6 Ng7 33. Ne4 Kf7 34. Nc5 Bf5 35. a4 g5 36. a5 Ne8 37. Bxf8 Kxf8 38. a6 Kf7 39. Rxe8 Kxe8 40. a7 1-0


[Site "https://www.chess.com"]

[Event "Titled Tuesday Blitz May 4 2021"]
[White "Altman, Joshua"]
[Black "Aumann, Welf"]
[WhiteFideId "426210"]
[BlackFideId "4634071"]
[WhiteElo "1932"]
[BlackElo "2275"]
[Result "1-0"]
[Round "02"]
[TimeControl "180+1"]
[Date "2021.05.04"]
[WhiteClock "0:01:33"]
[BlackClock "0:01:34"]

1. d4 d5 2. c4 dxc4 3. e3 e5 4. Bxc4 exd4 5. exd4 Bd6 6. Nf3 Nf6 7. Qe2+ Qe7 8. Qxe7+ Bxe7 9. O-O O-O 10. Nc3 c6 11. Bg5 Nbd7 12. Rfe1 Bd6 13. Ne5 Nb6 14. Bb3 Nfd5 15. Ne4 Bc7 16. Nf3 f6 17. Bh4 Bg4 18. Bg3 Bxg3 19. hxg3 Rad8 20. Nc5 Bc8 21. a4 a5 22. Nd2 g6 23. Nc4 Kg7 24. Nxb6 Nxb6 25. Be6 Rxd4 26. Bxc8 1-0


[Site "https://www.chess.com"]

[Event "Titled Tuesday Blitz May 4 2021"]
[White "Ambrogi, Agustin"]
[Black "Sokolov, Andrey M."]
[WhiteFideId "170933"]
[BlackFideId "4171438"]
[WhiteElo "2214"]
[BlackElo "2349"]
[Result "0-1"]
[Round "02"]
[TimeControl "180+1"]
[Date "2021.05.04"]
[WhiteClock "0:00:05"]
[BlackClock "0:00:21"]

1. e4 e6 2. d4 d5 3. Nc3 Bb4 4. e5 Ne7 5. Bd2 b6 6. Qg4 O-O 7. h4 c5 8. a3 Bxc3 9. bxc3 Ba6 10. Bxa6 Nxa6 11. h5 cxd4 12. cxd4 Nf5 13. Ne2 f6 14. Nf4 Qd7 15. Rh3 Nxd4 16. Kf1 fxe5 17. Nd3 Nc6 18. Rg3 e4 19. Nf4 Nc5 20. Bc3 d4 21. Rd1 e5 22. h6 Qxg4 23. Rxg4 g6 24. Nxg6 hxg6 25. Rxg6+ Kh7 26. Rxc6 dxc3 27. Rc7+ Kxh6 28. Rd6+ Kg5 29. Rg7+ Kf5 30. g4+ Kf4 31. Kg2 e3 32. f3 e2 33. Kf2 e1=Q+ 34. Kxe1 Kxf3 35. Rd3+ Nxd3+ 0-1


[Site "https://www.chess.com"]

[Event "Titled Tuesday Blitz May 4 2021"]
[White "Araujo Filho, Luiz Antonio Coel"]
[Black "Saravana, Krishnan P."]
[WhiteFideId "2130661"]
[BlackFideId "5018382"]
[WhiteElo "2241"]
[BlackElo "2245"]
[Result "0-1"]
[Round "02"]
[TimeControl "180+1"]
[Date "2021.05.04"]
[WhiteClock "0:00:01"]
[BlackClock "0:00:18"]

1. d4 Nf6 2. Nf3 g6 3. c4 Bg7 4. Nc3 O-O 5. e4 d6 6. Be2 e5 7. dxe5 dxe5 8. O-O Nbd7 9. Qc2 c6 10. b4 a5 11. b5 Nc5 12. Ba3 Nfd7 13. Rfd1 Qb6 14. Rab1 Ne6 15. Na4 Qd8 16. Bxf8 Qxf8 17. bxc6 bxc6 18. Nb6 Nxb6 19. Rxb6 Qc5 20. Qb2 Bf6 21. Rb8 Qa7 22. Rxa8 Qxa8 23. Qb6 c5 24. Bf1 Kg7 25. h3 Qxe4 26. Qxa5 Bb7 27. Qb6 Ba8 28. a4 Qc2 29. Re1 Bxf3 30. gxf3 Qxa4 31. Re3 Qa1 32. Kg2 Nf4+ 33. Kg1 Qd4 34. Qc6 Bg5 35. Qe4 Qd8 36. Qxe5+ Kh6 37. Qe4 Ne6 38. Rd3 Qf6 39. Qg4 Kg7 40. Rd5 h5 41. Qg2 Bh4 42. Qh2 Nf4 43. Rd7 Qg5+ 44. Kh1 Ne6 0-1


[Site "https://www.chess.com"]

[Event "Titled Tuesday Blitz May 4 2021"]
[White "Arkell, Keith C"]
[Black "Vargas, Gabriela"]
[WhiteFideId "400270"]
[BlackFideId "3700860"]
[WhiteElo "2398"]
[BlackElo "2116"]
[Result "1-0"]
[Round "02"]
[TimeControl "180+1"]
[Date "2021.05.04"]
[WhiteClock "0:00:04"]
[BlackClock "0:00:08"]

1. d4 d5 2. Nf3 c6 3. c4 Nf6 4. Qc2 g6 5. Bf4 Bf5 6. Qb3 Qb6 7. e3 Nbd7 8. Nc3 Qxb3 9. axb3 e6 10. h3 Bb4 11. Be2 Ne4 12. Rc1 h6 13. g4 g5 14. Bh2 Bh7 15. O-O f5 16. Rfd1 fxg4 17. hxg4 O-O 18. Nxe4 Bxe4 19. Ne5 Nxe5 20. Bxe5 Be7 21. cxd5 exd5 22. Rf1 Bf6 23. Bxf6 Rxf6 24. f3 Bg6 25. Kg2 Re8 26. Rc3 Rfe6 27. Kf2 Kg7 28. Re1 h5 29. gxh5 Bxh5 30. Rg1 Kf6 31. f4 Bxe2 32. fxg5+ Kg6 33. Kxe2 Rh8 34. Rg2 Rh5 35. Rc1 Rh3 36. Rc3 Rh5 37. b4 a6 38. Kd3 Rxg5 39. Rxg5+ Kxg5 40. Rc1 Kg4 41. Rg1+ Kf3 42. Rf1+ Kg2 43. Rf7 b5 44. Ke2 Kg3 45. Rg7+ Kh4 46. Ra7 Rg6 47. Rxa6 Rg2+ 48. Kf3 Rxb2 49. Rxc6 Rxb4 50. Rc5 Rb1 51. Rxd5 b4 52. Rb5 b3 53. Ke4 Kg4 54. Rb8 Kg5 55. Ke5 Kg6 56. d5 b2 57. Ke6 Re1 58. Rxb2 Rxe3+ 59. Kd7 Kf6 60. d6 Ke5 61. Rb5+ Kf6 62. Rb1 Rb3 63. Rc1 Rd3 64. Kc6 Ke6 65. Re1+ Kf7 66. d7 Re3 67. Rxe3 1-0


[Site "https://www.chess.com"]

[Event "Titled Tuesday Blitz May 4 2021"]
[White "Aslanov, Umid"]
[Black "Haessel, Dale R."]
[WhiteFideId "13412620"]
[BlackFideId "2012618"]
[WhiteElo "1796"]
[BlackElo "2167"]
[Result "1-0"]
[Round "02"]
[TimeControl "180+1"]
[Date "2021.05.04"]
[WhiteClock "0:01:34"]
[BlackClock "0:00:26"]

1. e4 e5 2. Nf3 Nc6 3. Bc4 Nf6 4. d3 d6 5. O-O Na5 6. Bb5+ c6 7. Ba4 b5 8. Bb3 Nxb3 9. axb3 c5 10. Nc3 Qb6 11. Bg5 Be7 12. Ne2 h6 13. Bxf6 Bxf6 14. Ng3 O-O 15. h3 g6 16. Qd2 Bg7 17. c3 a6 18. Nh4 Be6 19. c4 bxc4 20. bxc4 f5 21. Nxg6 Rf6 22. exf5 1-0


[Site "https://www.chess.com"]

[Event "Titled Tuesday Blitz May 4 2021"]
[White "Avila Pavas, Santiago"]
[Black "Howell, David W L"]
[WhiteFideId "4437128"]
[BlackFideId "410608"]
[WhiteElo "2244"]
[BlackElo "2643"]
[Result "1-0"]
[Round "02"]
[TimeControl "180+1"]
[Date "2021.05.04"]
[WhiteClock "0:00:02"]
[BlackClock "0:00:04"]

1. d4 d5 2. Bf4 c5 3. e3 cxd4 4. exd4 Nc6 5. c3 f6 6. Nf3 g5 7. Bg3 h5 8. h4 g4 9. Nfd2 Nh6 10. Bd3 Bf5 11. Qc2 e6 12. O-O Rc8 13. Re1 Kf7 14. Bxf5 Nxf5 15. Qd3 Qb6 16. Nb3 Qa6 17. Qd1 Nxg3 18. fxg3 Bd6 19. Nc5 Bxc5 20. dxc5 Ne7 21. b4 b6 22. Nd2 bxc5 23. Nb3 cxb4 24. cxb4 Qb6+ 25. Kh2 Qxb4 26. Rf1 Rc3 27. Nd4 Qd6 28. Qe1 Rd3 29. Rd1 Rxd1 30. Qxd1 e5 31. Nb5 Qb6 32. Nc3 Qe6 33. Qa4 a6 34. Qb4 Rc8 35. Na4 Rc4 36. Qb3 d4 37. Nb2 Rc3 38. Qb8 Rc8 39. Qb4 Nd5 40. Qa5 Ne3 41. Rf2 Kg6 42. Nd3 Rc3 43. Nb4 Qd6 44. Nxa6 e4 45. Nb4 Nc4 46. Qf5+ Kg7 47. Rf4 e3 48. Nd5 e2 49. Nxf6 Qxf4 50. Nxh5+ Kh6 51. Nxf4 e1=Q 52. Qg6# 1-0


[Site "https://www.chess.com"]

[Event "Titled Tuesday Blitz May 4 2021"]
[White "Avramidou, Anastasia"]
[Black "Jakubowska, Anna"]
[WhiteFideId "4239873"]
[BlackFideId "1121952"]
[WhiteElo "2183"]
[BlackElo "2006"]
[Result "0-1"]
[Round "02"]
[TimeControl "180+1"]
[Date "2021.05.04"]
[WhiteClock "0:00:02"]
[BlackClock "0:00:07"]

1. Nf3 f5 2. d4 Nf6 3. Nc3 d5 4. Bg5 Ne4 5. h4 g6 6. h5 Bg7 7. hxg6 hxg6 8. Rxh8+ Bxh8 9. e3 Nxg5 10. Nxg5 e5 11. Nh3 Nc6 12. dxe5 Bxe5 13. Qd2 Be6 14. Nf4 Bxf4 15. exf4 Qd7 16. O-O-O O-O-O 17. g3 Qd6 18. Kb1 d4 19. Ne2 Bd5 20. Nc1 a6 21. Nb3 Kb8 22. Ka1 Bf3 23. Re1 Be4 24. Bd3 Bd5 25. Kb1 Nb4 26. a3 Bxb3 27. axb4 Bd5 28. Re5 Bf3 29. Be2 Be4 30. f3 Bc6 31. b5 axb5 32. Bxb5 Bxf3 33. Bc4 g5 34. Rxf5 gxf4 35. Rxf4 Bc6 36. Bd3 Re8 37. Qf2 Re3 38. g4 Qb4 39. c3 Qb3 40. Bc2 Qe6 41. Rxd4 Re1+ 42. Rd1 Re2 43. Qf8+ Ka7 44. Qc5+ b6 45. Qf5 Qe3 46. g5 Rxc2 47. Qf7 Re2 48. Qxc7+ Bb7 49. Rd7 Re1+ 50. Ka2 Qe6+ 51. c4 Qe4 52. b3 Qb1+ 53. Ka3 Qa1+ 54. Kb4 Qa5# 0-1


[Site "https://www.chess.com"]

[Event "Titled Tuesday Blitz May 4 2021"]
[White "Baradaran, Arman"]
[Black "serhanberat_ozdemir"]
[WhiteFideId "880515"]
[WhiteElo "2132"]
[BlackElo "2600"]
[Result "0-1"]
[Round "02"]
[TimeControl "180+1"]
[Date "2021.05.04"]
[WhiteClock "0:00:01"]
[BlackClock "0:01:08"]

1. d4 Nf6 2. c4 g6 3. Nc3 Bg7 4. e4 d6 5. Be2 O-O 6. Be3 c5 7. d5 e6 8. Nf3 exd5 9. exd5 Bf5 10. O-O Re8 11. h3 Ne4 12. Nxe4 Bxe4 13. Nd2 Bxb2 14. Nxe4 Bxa1 15. Qxa1 Rxe4 16. Bh6 f6 17. Bg4 Nd7 18. Be6+ Kh8 19. f3 Re2 20. Qd1 Rxa2 21. Qb3 Re2 22. Qxb7 Rb8 23. Qxd7 Qxd7 24. Bxd7 Rbb2 25. Bf4 Rxg2+ 26. Kh1 Rgc2 27. Bxd6 Rxc4 28. Re1 Kg7 29. Bg3 Rd4 30. Re2 0-1


[Site "https://www.chess.com"]

[Event "Titled Tuesday Blitz May 4 2021"]
[White "Batchimeg, Tuvshintugs"]
[Black "Bashirli, Saadat"]
[WhiteFideId "4900839"]
[BlackFideId "13429990"]
[WhiteElo "2295"]
[BlackElo "1153"]
[Result "1-0"]
[Round "02"]
[TimeControl "180+1"]
[Date "2021.05.04"]
[WhiteClock "0:00:33"]
[BlackClock "0:00:34"]

1. d4 d5 2. c4 e6 3. Nf3 c6 4. e3 Nf6 5. Nbd2 Bb4 6. a3 Bxd2+ 7. Bxd2 dxc4 8. Bxc4 b5 9. Ba2 Bb7 10. Rc1 O-O 11. O-O Nbd7 12. Bb4 Re8 13. Qe2 a6 14. Rfd1 Nb6 15. Ne5 Rc8 16. Ba5 g6 17. Qf3 Kg7 18. h3 Qc7 19. Rc5 h6 20. Rdc1 Re7 21. Rxc6 Bxc6 22. Rxc6 Qb7 23. Bxb6 Rxc6 24. Qxc6 Qxc6 25. Nxc6 Rb7 26. Bc5 Ne4 27. b4 Nxc5 28. bxc5 Rc7 29. Na5 Kf8 30. Kf1 Ke7 31. Ke2 f6 32. Kd3 f5 33. f3 Kf6 34. e4 f4 35. c6 g5 36. d5 exd5 37. exd5 Ke5 38. Nb7 h5 39. d6 Rxc6 40. d7 Rc1 41. Bb3 1-0


[Site "https://www.chess.com"]

[Event "Titled Tuesday Blitz May 4 2021"]
[White "Begunov, Konstantin"]
[Black "Gusarov, Grigory"]
[WhiteFideId "4118510"]
[BlackFideId "24102172"]
[WhiteElo "2262"]
[BlackElo "2285"]
[Result "0-1"]
[Round "02"]
[TimeControl "180+1"]
[Date "2021.05.04"]
[WhiteClock "0:00:10"]
[BlackClock "0:00:41"]

1. d4 Nf6 2. c4 e6 3. Nf3 b6 4. g3 Bb7 5. Bg2 Bb4+ 6. Nbd2 O-O 7. a3 Be7 8. Qc2 d5 9. cxd5 exd5 10. O-O c5 11. dxc5 bxc5 12. Ne5 Nbd7 13. Ndf3 Nb6 14. Rd1 Rc8 15. Bf4 h6 16. Rac1 Bd6 17. Nd3 Be7 18. Nfe5 Bd6 19. Nf3 Be7 20. Nde5 Ne4 21. Nd2 Nxd2 22. Rxd2 Bd6 23. Bh3 Rc7 24. Nd3 Nc4 25. Bxd6 Qxd6 26. Nf4 Nxd2 27. Qxd2 d4 28. b3 Re8 29. a4 Qe5 30. Rc2 Rce7 31. Bf1 Be4 32. Nd3 Bxd3 33. Qxd3 Rb8 34. Bg2 g6 35. Bf3 Kg7 36. h4 h5 37. Kg2 Re6 38. Qc4 Rd6 39. a5 Rb4 40. Qxc5 Qxc5 41. Rxc5 Rxb3 42. Be4 Ra3 43. Bd3 a6 44. Kf3 f5 45. Kf4 Kf6 46. f3 Rb3 47. Rc8 Rc3 48. Rf8+ Kg7 49. Ra8 Rc5 50. Bxa6 Rxa5 51. Bb7 Rxa8 52. Bxa8 Re6 0-1


[Site "https://www.chess.com"]

[Event "Titled Tuesday Blitz May 4 2021"]
[White "Belanoff, Ted"]
[Black "The_filthy"]
[WhiteFideId "2070588"]
[WhiteElo "2173"]
[BlackElo "2387"]
[Result "1-0"]
[Round "02"]
[TimeControl "180+1"]
[Date "2021.05.04"]
[WhiteClock "0:02:02"]
[BlackClock "0:01:45"]

1. d4 d5 2. c4 c6 3. Nf3 Nf6 4. Nc3 dxc4 5. e4 b5 6. Qc2 e6 7. a4 Bb4 8. Bd2 Bxc3 9. Bxc3 O-O 10. h4 Bb7 11. h5 h6 12. Rh3 Nbd7 13. Rg3 Kh8 14. e5 Nd5 15. Bd2 a6 16. Qc1 f5 17. Bxh6 Rf7 18. Ng5 1-0


[Site "https://www.chess.com"]

[Event "Titled Tuesday Blitz May 4 2021"]
[White "Bellahcene, Bilel"]
[Black "Amorim, Daniel Madson De Medeiro"]
[WhiteFideId "696358"]
[BlackFideId "2124912"]
[WhiteElo "2493"]
[BlackElo "2179"]
[Result "1-0"]
[Round "02"]
[TimeControl "180+1"]
[Date "2021.05.04"]
[WhiteClock "0:00:58"]
[BlackClock "0:00:11"]

1. e4 e6 2. d4 d5 3. exd5 exd5 4. Nf3 Nf6 5. Bd3 Bd6 6. Qe2+ Qe7 7. Qxe7+ Kxe7 8. O-O c6 9. Re1+ Be6 10. c4 dxc4 11. Bxc4 Re8 12. Ng5 Kd7 13. Nxe6 fxe6 14. Nc3 e5 15. d5 cxd5 16. Nxd5 Nxd5 17. Bxd5 Nc6 18. Rd1 Rad8 19. Be3 Kc7 20. Rac1 a6 21. Be4 g6 22. Rd2 Bb4 23. Rdc2 Rd6 24. a3 Ba5 25. Bc5 Rde6 26. Bd5 Rf6 27. b4 Bb6 28. a4 Bxc5 29. Rxc5 Kb6 30. a5+ Kc7 31. b5 axb5 32. Rxb5 Rd6 33. Rcb1 Rb8 34. Bxc6 Rxc6 35. Rxe5 Rd6 36. Re7+ Rd7 37. Re5 Ra8 38. h4 Ra6 39. g3 Kd6 40. Reb5 Ra7 41. Kg2 Kc7 42. h5 Rd6 43. h6 Rda6 44. Re1 Kd7 45. Rbe5 Rxa5 46. Re7+ Kd6 47. Rxh7 b5 48. Rh8 Ra8 49. Ree8 Rxe8 50. Rxe8 b4 51. h7 1-0


[Site "https://www.chess.com"]

[Event "Titled Tuesday Blitz May 4 2021"]
[White "Belous, Vladimir"]
[Black "elohunter1999"]
[WhiteFideId "4174003"]
[WhiteElo "2583"]
[BlackElo "2492"]
[Result "1-0"]
[Round "02"]
[TimeControl "180+1"]
[Date "2021.05.04"]
[WhiteClock "0:02:01"]
[BlackClock "0:01:19"]

1. Nf3 Nf6 2. c4 e6 3. g3 d5 4. Bg2 d4 5. O-O c5 6. e3 Nc6 7. exd4 cxd4 8. Re1 Bd6 9. b3 O-O 10. Bb2 e5 11. Na3 h6 12. c5 Bc7 13. Nb5 e4 14. Nfxd4 Nxd4 15. Bxd4 Bb8 16. Bxf6 Qxf6 17. Bxe4 Rd8 18. Qf3 Qa6 19. c6 bxc6 20. Bxc6 1-0


[Site "https://www.chess.com"]

[Event "Titled Tuesday Blitz May 4 2021"]
[White "Benevides Demasi, Joao Otavio"]
[Black "Van der Velden, Bram"]
[WhiteFideId "30916224"]
[BlackFideId "1015753"]
[WhiteElo "2099"]
[BlackElo "2155"]
[Result "0-1"]
[Round "02"]
[TimeControl "180+1"]
[Date "2021.05.04"]
[WhiteClock "0:00:03"]
[BlackClock "0:00:27"]

1. Nf3 d5 2. g3 Nf6 3. Bg2 e6 4. O-O c5 5. d3 Nc6 6. c4 Be7 7. Nc3 O-O 8. Rb1 d4 9. Na4 e5 10. a3 a5 11. e3 dxe3 12. Bxe3 Nd7 13. Re1 Rb8 14. Nd2 Nd4 15. Ne4 f5 16. Nec3 Nf6 17. Nd5 Nxd5 18. Bxd5+ Kh8 19. Bd2 b5 20. Nc3 b4 21. Ne2 Ne6 22. f4 Nc7 23. fxe5 Nxd5 24. cxd5 Qxd5 25. Nf4 Qc6 26. axb4 Bb7 27. Qh5 axb4 28. e6 Kg8 29. Re5 Bf6 30. Rxf5 Bd4+ 31. Kf1 Rxf5 32. Qxf5 Qh1+ 33. Ke2 Bf3# 0-1


[Site "https://www.chess.com"]

[Event "Titled Tuesday Blitz May 4 2021"]
[White "Berezin, Viktor"]
[Black "Donatti, Alvaro"]
[WhiteFideId "14107872"]
[BlackFideId "3000303"]
[WhiteElo "2310"]
[BlackElo "2138"]
[Result "1-0"]
[Round "02"]
[TimeControl "180+1"]
[Date "2021.05.04"]
[WhiteClock "0:01:23"]
[BlackClock "0:00:34"]

1. d4 Nf6 2. Nf3 g6 3. c4 d5 4. e3 Bg7 5. Nc3 O-O 6. Be2 dxc4 7. Bxc4 c5 8. O-O Bg4 9. Be2 cxd4 10. exd4 Nd5 11. h3 Bf5 12. Bg5 Nc6 13. Rc1 Rc8 14. Nxd5 Qxd5 15. Bc4 Qa5 16. Re1 b5 17. Bb3 Rfe8 18. d5 Nb4 19. Rxc8 Rxc8 20. Rxe7 Bf8 21. Rxf7 Kxf7 22. d6+ Be6 23. Ne5+ Kg7 24. Bxe6 Nc6 1-0


[Site "https://www.chess.com"]

[Event "Titled Tuesday Blitz May 4 2021"]
[White "Bluebaum, Matthias"]
[Black "Mortazavi, Ali"]
[WhiteFideId "24651516"]
[BlackFideId "401323"]
[WhiteElo "2685"]
[BlackElo "2339"]
[Result "1-0"]
[Round "02"]
[TimeControl "180+1"]
[Date "2021.05.04"]
[WhiteClock "0:00:13"]
[BlackClock "0:00:02"]

1. d4 Nf6 2. c4 g6 3. Nc3 Bg7 4. e4 O-O 5. Be3 d6 6. h3 c5 7. d5 e6 8. Nf3 Na6 9. Bd3 exd5 10. cxd5 Re8 11. Nd2 Nc7 12. a4 b6 13. O-O Rb8 14. Nc4 a6 15. Bf4 Bf8 16. Qd2 b5 17. axb5 axb5 18. Na5 Bd7 19. Rfe1 c4 20. Bc2 Nh5 21. Bg5 Be7 22. Bxe7 Qxe7 23. b4 cxb3 24. Bxb3 b4 25. Nd1 Qf6 26. Rc1 Nb5 27. Rc4 Nf4 28. Kh2 Qg5 29. Rg1 Nxh3 30. Qxg5 Nxg5 31. f3 Na3 32. Rc7 Bb5 33. Ne3 f5 34. Nc6 Ra8 35. Ne7+ Rxe7 36. Rxe7 f4 37. Ng4 Rf8 38. Rc1 h5 39. Nh6+ Kh8 40. Rcc7 Bd3 41. e5 Nb5 42. Rb7 dxe5 43. Rxe5 Nd6 44. Rxb4 Nf5 45. Nxf5 Bxf5 46. Rxf4 Rb8 47. Bd1 Rb1 48. Rd4 Rb2 49. d6 Nf7 50. Re8+ Kg7 51. d7 Bxd7 52. Rxd7 Kh6 53. Rde7 Nd6 54. f4 1-0


[Site "https://www.chess.com"]

[Event "Titled Tuesday Blitz May 4 2021"]
[White "Bolanos, Fernando"]
[Black "Manolache, Marius"]
[WhiteFideId "3304094"]
[BlackFideId "1201530"]
[WhiteElo "1998"]
[BlackElo "2391"]
[Result "0-1"]
[Round "02"]
[TimeControl "180+1"]
[Date "2021.05.04"]
[WhiteClock "0:00:02"]
[BlackClock "0:01:27"]

1. e4 c5 2. Nf3 e6 3. d4 cxd4 4. Nxd4 a6 5. c4 Nf6 6. Nc3 Qc7 7. Be2 h5 8. f3 Nc6 9. Be3 Ne5 10. Rc1 b6 11. O-O Bb7 12. Qd2 Be7 13. b3 d6 14. Nd1 O-O 15. Nf2 Rac8 16. Nd3 Rfd8 17. Rfd1 Qb8 18. Nc2 h4 19. Bxb6 Rd7 20. Nxe5 dxe5 21. Qe3 Nh7 22. Rxd7 Bg5 23. f4 Bxf4 24. Qf2 Bc6 25. Rcd1 Bxd7 26. Rxd7 Ng5 27. Bd3 Qa8 28. Qe2 Qc6 29. Rd8+ Rxd8 30. Bxd8 f6 31. Ba5 Qc5+ 32. Kh1 Qxa5 33. b4 Qxa2 34. c5 Nf7 35. g3 hxg3 36. hxg3 Bxg3 37. Bxa6 Bf4 38. c6 Nd6 39. c7 Qb1+ 40. Kg2 Qb3 41. Bc4 Qg3+ 42. Kf1 Qh3+ 43. Ke1 Kf7 44. b5 Qc3+ 45. Kf1 Nxc4 46. c8=Q Nd2+ 47. Qxd2 Qxc8 48. Qd3 Qc7 49. Qb3 Qb6 50. Na3 Qd4 51. b6 Qxe4 52. b7 Be3 53. Ke1 Bb6+ 54. Kd1 Qxb7 55. Nc4 Qd5+ 56. Kc2 Bc5 0-1


[Site "https://www.chess.com"]

[Event "Titled Tuesday Blitz May 4 2021"]
[White "Bologan, Victor"]
[Black "Mayeregger, Arnold"]
[WhiteFideId "13900048"]
[BlackFideId "3705226"]
[WhiteElo "2511"]
[BlackElo "1567"]
[Result "1/2-1/2"]
[Round "02"]
[TimeControl "180+1"]
[Date "2021.05.04"]
[WhiteClock "0:01:08"]
[BlackClock "0:00:25"]

1. e4 c5 2. Nf3 e6 3. d4 cxd4 4. Nxd4 a6 5. Nc3 Qc7 6. Bd3 Nf6 7. O-O Be7 8. Kh1 O-O 9. f4 d6 10. a4 b6 11. Qf3 Nbd7 12. Qh3 Bb7 13. Bd2 Nc5 14. Rae1 Rad8 15. e5 Nxd3 16. exf6 Nxe1 17. fxe7 Bxg2+ 18. Qxg2 Nxg2 19. exf8=Q+ Kxf8 20. Kxg2 Qc5 21. Be3 Qb4 22. Nc6 Qxb2 23. Nxd8 Qxc3 24. Bxb6 Qxc2+ 25. Rf2 Qe4+ 26. Kg3 Qg6+ 27. Kf3 Qd3+ 28. Kg2 Qe4+ 29. Kg3 Qg6+ 30. Kf3 Qd3+ 31. Be3 Qd5+ 32. Kg3 Qb3 33. Rf3 Qxa4 34. Nb7 Qb4 35. Nd8 Qe1+ 36. Bf2 Qa5 37. Nc6 Qd5 38. Rc3 g5 39. Be3 h6 40. Nb4 gxf4+ 41. Bxf4 Qd4 42. Rc8+ Kg7 43. Nc6 Qg1+ 44. Kf3 Qf1+ 45. Kg3 Qg1+ 46. Kf3 Qf1+ 47. Ke3 Qe1+ 48. Kd3 Qf1+ 49. Ke3 Qe1+ 50. Kf3 Qf1+ 1/2-1/2


[Site "https://www.chess.com"]

[Event "Titled Tuesday Blitz May 4 2021"]
[White "Bommini, Mounika Akshaya"]
[Black "Shahinyan, David"]
[WhiteFideId "25019872"]
[BlackFideId "13304380"]
[WhiteElo "1610"]
[BlackElo "2372"]
[Result "1/2-1/2"]
[Round "02"]
[TimeControl "180+1"]
[Date "2021.05.04"]
[WhiteClock "0:00:16"]
[BlackClock "0:00:12"]

1. e4 d6 2. d4 Nf6 3. Nc3 e5 4. dxe5 dxe5 5. Qxd8+ Kxd8 6. Bg5 Be6 7. O-O-O Nd7 8. f4 exf4 9. e5 h6 10. Bxf4 Ng4 11. Rd2 g5 12. Bg3 Bg7 13. Nf3 Kc8 14. h4 Ngxe5 15. hxg5 Nxf3 16. gxf3 hxg5 17. Rxh8+ Bxh8 18. Nb5 Be5 19. Bxe5 Nxe5 20. Nd4 c5 21. Nxe6 fxe6 22. Bh3 Kc7 23. Bxe6 Nxf3 24. Rd5 Re8 25. Rxc5+ Kd6 26. Rf5 Nd4 27. Rd5+ Kxe6 28. Rxd4 Kf5 29. Kd2 g4 30. Rd7 g3 31. Rf7+ Kg4 32. Rg7+ Kf3 33. Rf7+ Kg2 34. Rxb7 Kh2 35. Rh7+ Kg1 36. Rxa7 g2 37. Rg7 Kf2 38. Rf7+ Kg3 39. Rg7+ Kf2 40. Rf7+ Kg3 41. Rg7+ Kf2 1/2-1/2


[Site "https://www.chess.com"]

[Event "Titled Tuesday Blitz May 4 2021"]
[White "Bon, Michael"]
[Black "Perske, Thore"]
[WhiteFideId "620696"]
[BlackFideId "12902195"]
[WhiteElo "2431"]
[BlackElo "2315"]
[Result "0-1"]
[Round "02"]
[TimeControl "180+1"]
[Date "2021.05.04"]
[WhiteClock "0:00:01"]
[BlackClock "0:00:05"]

1. e4 e6 2. d4 d5 3. exd5 exd5 4. Nf3 Bg4 5. h3 Bh5 6. Qe2+ Qe7 7. Be3 Nc6 8. Nc3 O-O-O 9. O-O-O Nf6 10. g4 Bg6 11. Ne5 Nxe5 12. dxe5 Qxe5 13. f4 Qe8 14. f5 Bb4 15. fxg6 Bxc3 16. bxc3 hxg6 17. Bd4 Ne4 18. Bg2 Qa4 19. Bxe4 Rhe8 20. Kb1 Rxe4 21. Qf2 f6 22. Rhe1 Rde8 23. Rxe4 Rxe4 24. Re1 b6 25. Rxe4 dxe4 26. Qe2 c5 27. Bf2 Kb7 28. Bg3 g5 29. Qd2 Qb5+ 30. Ka1 Qf1+ 31. Kb2 Qb5+ 32. Kc1 Ka6 33. Qe1 Qc4 34. Kd2 Qd5+ 35. Ke3 Qxa2 36. Qe2+ Ka5 37. c4 Qa1 38. Be1+ Ka4 0-1


[Site "https://www.chess.com"]

[Event "Titled Tuesday Blitz May 4 2021"]
[White "Bongo Akanga Ndjila, Barthelemy"]
[Black "Jain, Naveen"]
[WhiteFideId "10609431"]
[BlackFideId "5003970"]
[WhiteElo "1803"]
[BlackElo "2036"]
[Result "0-1"]
[Round "02"]
[TimeControl "180+1"]
[Date "2021.05.04"]
[WhiteClock "0:00:10"]
[BlackClock "0:00:30"]

1. d4 Nf6 2. Nf3 c5 3. c3 d5 4. Bg5 Ne4 5. Bf4 Nc6 6. Nbd2 Bg4 7. e3 e6 8. Be2 Bd6 9. Bxd6 Qxd6 10. O-O Bf5 11. Nxe4 Bxe4 12. a4 Bxf3 13. Bxf3 c4 14. a5 f5 15. a6 b6 16. Qa4 O-O 17. b3 cxb3 18. Qxb3 Na5 19. Qb5 Rac8 20. Be2 Rxc3 21. Rfc1 Rcc8 22. h3 h6 23. Qb2 Nc4 24. Qb3 Nd2 25. Qb2 Ne4 26. Bd3 Nf6 27. Bb5 f4 28. Bd3 fxe3 29. fxe3 Qg3 30. Qe2 Ne4 31. Bxe4 dxe4 32. Rf1 Rxf1+ 33. Rxf1 Rc3 34. Qf2 Qxe3 35. Qxe3 Rxe3 36. Rd1 Ra3 37. d5 exd5 38. Rxd5 Rxa6 39. Re5 Ra4 40. Rxe4 Rxe4 0-1


[Site "https://www.chess.com"]

[Event "Titled Tuesday Blitz May 4 2021"]
[White "Borawski, Jakub"]
[Black "Seul, Georg"]
[WhiteFideId "1143000"]
[BlackFideId "4601653"]
[WhiteElo "2020"]
[BlackElo "2332"]
[Result "0-1"]
[Round "02"]
[TimeControl "180+1"]
[Date "2021.05.04"]
[WhiteClock "0:01:13"]
[BlackClock "0:01:06"]

1. e4 e5 2. Nf3 Nc6 3. Bb5 a6 4. Ba4 Nf6 5. O-O Be7 6. Re1 b5 7. Bb3 d6 8. c3 O-O 9. d4 Bg4 10. Be3 exd4 11. cxd4 Na5 12. Bc2 Nc4 13. Bc1 c5 14. b3 Nb6 15. Bb2 cxd4 16. Bxd4 Rc8 17. Nbd2 Nfd7 18. h3 Bh5 19. Rc1 Bf6 20. g4 Bg6 21. Nf1 Bxd4 22. Nxd4 d5 23. Ng3 dxe4 24. Bxe4 Rxc1 25. Qxc1 Re8 26. Ngf5 Bxf5 27. Bxf5 Rxe1+ 28. Qxe1 g6 29. Nc6 Qf6 30. Bxd7 Nxd7 31. Qe8+ Nf8 32. Qe5 Qxc6 0-1


[Site "https://www.chess.com"]

[Event "Titled Tuesday Blitz May 4 2021"]
[White "Bortnyk, Olexandr"]
[Black "Sellitti, Federico"]
[WhiteFideId "14120828"]
[BlackFideId "821829"]
[WhiteElo "2723"]
[BlackElo "2609"]
[Result "0-1"]
[Round "02"]
[TimeControl "180+1"]
[Date "2021.05.04"]
[WhiteClock "0:00:02"]
[BlackClock "0:00:13"]

1. e4 c5 2. c3 Nf6 3. e5 Nd5 4. d4 cxd4 5. Nf3 e6 6. cxd4 Nc6 7. a3 d6 8. Bd3 Be7 9. O-O b6 10. Qe2 Bb7 11. Bd2 h6 12. Re1 O-O 13. Qe4 f5 14. exf6 Rxf6 15. Qh7+ Kf7 16. Nh4 Nxd4 17. Bg6+ Rxg6 18. Qxg6+ Kg8 19. Bxh6 Qf8 20. Re4 Bf6 21. Nd2 Ne7 22. Qg4 Bxe4 23. Nxe4 Bxh4 24. Bg5 Bxg5 25. Nxg5 Nef5 26. Qh5 Nh6 27. Rd1 Qf6 28. Ne4 Qe5 29. Ng5 Rf8 30. Qg6 Qf5 31. Qxf5 Ndxf5 32. Nxe6 Re8 33. Nf4 Rd8 34. h3 Kf7 35. g4 Ne7 36. Kg2 Nhg8 37. Rc1 Rd7 38. Nd3 Nf6 39. Rd1 Ng6 40. f4 Re7 41. Kf3 Nd5 42. f5 Re3+ 43. Kf2 Ne5 44. Nb4 Rf3+ 45. Kg2 Nf4+ 46. Kg1 Nxh3+ 47. Kh2 Nxg4+ 48. Kg2 Ne5 49. Rxd6 Nf4+ 50. Kh2 Rh3+ 51. Kg1 Ng4 52. Nc6 Rg3+ 53. Kf1 Rg2 54. Rd7+ Kf6 55. Nd8 Rxb2 56. Rf7+ Kg5 57. Rxg7+ Kxf5 58. Rf7+ Ke4 59. Ke1 Ke3 60. Kd1 Rd2+ 61. Kc1 Nd3+ 62. Kb1 Ngf2 63. Re7+ Ne4 64. Nc6 Rd1+ 65. Kc2 Rc1+ 66. Kb3 Rxc6 67. Rxa7 Kd4 68. Rd7+ Rd6 69. Rh7 Kc5 70. a4 Kc6 71. Ra7 Ndc5+ 72. Kc4 Rd1 73. a5 Rc1+ 74. Kd4 bxa5 75. Ke3 Rc3+ 76. Kd4 Ra3 77. Kc4 Ra4# 0-1


[Site "https://www.chess.com"]